AoeStats
← serrurerie

Arabia

508286675Analyzed
1v1 RM · 11d ago on Sep 21, 2026· 56m 49s· 2 players
Game mode
Random Map
Map size
Tiny (2 player)
Population
200
Speed
Normal
Resources
Standard
Victory
Conquest
Starting age
Dark Age
Ending age
Imperial Age
RankedLock teamsTeams togetherTeam positionsShared explorationLock speedFull tech treeHidden civsTurbo modeCheats
Victory
Defeat
🇨🇭 Bohemians · Switzerland
1359
+14
🇮🇪 Burgundians · Ireland
1319
-14
serrurerie
5:41 Loom
8:56 Feudal Age
15:27 Fletching
15:19 Horse Collar
15:45 Double-Bit Axe
21:09 Castle Age
19:40 Padded Archer Armor
21:00 Scale Mail Armor
22:14 Bow Saw
22:01 Bodkin Arrow
21:28 Crossbowman
22:31 Heavy Plow
22:35 Town Watch
24:04 Ballistics
24:09 Pikeman
25:49 Wheelbarrow
28:06 Chemistry
27:35 Chain Mail Armor
28:51 Leather Archer Armor
34:05 Imperial Age
34:13 Arbalester
35:22 Bracer
37:16 Conscription
37:02 Wagenburg Tactics
37:06 Hussite Reforms
37:22 Halberdier
39:52 Two-Man Saw
39:25 Squires
40:16 Hand Cart
40:01 Town Patrol
40:18 Onager
42:23 Sanctity
42:22 Fervor
44:37 Plate Mail Armor
44:20 Forging
43:50 Houfnice
45:15 Arson
46:30 Siege Engineers
46:36 Masonry
47:25 Conscription
47:12 Wagenburg Tactics
51:34 Architecture
truthbandicoot
7:06 Double-Bit Axe
8:15 Loom
10:35 Feudal Age
11:46 Bow Saw
11:23 Horse Collar
19:12 Wheelbarrow
21:09 Hand Cart
20:39 Town Watch
21:10 Hand Cart
20:42 Town Watch
21:26 Gold Mining
25:30 Castle Age
24:10 Padded Archer Armor
24:01 Fletching
25:37 Elite Skirmisher
26:20 Bodkin Arrow
26:40 Leather Archer Armor
30:29 Leather Archer Armor
33:41 Stone Mining
34:33 Town Patrol
38:50 Imperial Age
39:39 Bracer
40:27 Capped Ram
42:23 Conscription
43:30 Chemistry
42:40 Careening
42:28 Murder Holes
42:54 Forging
42:49 Scale Barding Armor
42:58 Masonry
44:17 Heavy Plow
44:35 Cavalier
45:16 Husbandry
45:54 Iron Casting
45:39 Chain Barding Armor
45:48 Paladin
47:58 Blast Furnace
48:20 Plate Barding Armor
48:27 Stone Shaft Mining
50:18 Elite Coustillier
51:33 Hoardings
51:54 Light Cavalry
54:35 Hussar
Connection lost

Rejoining the realm…

Still unreachable

The connection could not be restored.

Session expired

The server has moved on; the page needs a fresh start.